 Dungeon Crawl Stone Soup version 0.27-a0-998-g4cfe56dd59 (webtiles) character file.

Game seed: 18136197839266572815

177 Busket the Magician (level 5, -1/38 HPs)
             Began as a Djinni Fire Elementalist on Apr 17, 2021.
             Slain by Robin
             ... wielding a +2 dagger of venom
              (5 damage)
             ... on level 3 of the Dungeon.
             The game lasted 00:17:13 (2505 turns).

Busket the Magician (Djinni Fire Elementalist)      Turns: 2505, Time: 00:17:14

Health: -1/38      AC:  2    Str:  7    XL:     5   Next: 57%
Gold:   27         EV: 13    Int: 18    God:
                   SH:  0    Dex: 13

rFire    + + .     SeeInvis .   n - +2 whip (elec)
rCold    x . .     Faith    .   (no shield)
rNeg     . . .     Spirit   .   a - +0 robe
rPois    ∞         Reflect  .   (no helmet)
rElec    .         Harm     .   (no cloak)
rCorr    .         Rampage  .   (no gloves)
Will     .....                  (boots unavailable)
Stlth    ++........             (no amulet)
HPRegen  0.12/turn              (no ring)
MPRegen  0.00/turn              (no ring)

@: flying
A: fire resistance 2, cold vulnerability 1, float, innate caster, hp casting,
extra vitality 1
a: no special abilities


You were on level 3 of the Dungeon.
You visited 1 branch of the dungeon, and saw 3 of its levels.

You collected 68 gold pieces.
You spent 41 gold pieces at shops.

Inventory:

Hand Weapons
 e - a +0 dagger
 k - a +0 spear
 n - a +2 whip of electrocution (weapon)
Missiles
 b - 87 stones
 p - 18 arrows
Armour
 a - a +0 robe (worn)
 d - a +0 leather armour
Magical Staves
 j - a staff of air
 m - a staff of death
Jewellery
 c - an amulet of faith
Scrolls
 i - a scroll of silence
 l - a scroll of identify
 o - a scroll of magic mapping {unknown}
 q - a scroll of torment {unknown}
Potions
 f - a potion of berserk rage {unknown}
 g - 2 potions of heal wounds {unknown}
 h - a potion of ambrosia {unknown}
 r - a potion of lignification {unknown}


   Skills:
 + Level 2.3 Fighting
 + Level 3.5 Dodging
 - Level 1.5 Stealth
 * Level 4.1 Spellcasting


You couldn't memorise any spells.
You knew the following spells:

 Your Spells              Type           Power      Damage    Failure   Level
a - Foxfire               Conj/Fire      72%        2x1d7     2%          1
b - Conjure Flame         Conj/Fire      18%        6-21      9%          3
c - Inner Flame           Hex/Fire       18%        N/A       9%          3
d - Sticky Flame          Conj/Fire      18%        2d4       26%         4
e - Fireball              Conj/Fire      9%         3d6       58%         5
f - Sting                 Tmut/Pois      72%        1d6       2%          1
g - Static Discharge      Conj/Air       18%        N/A       4%          2
Your spell library was empty.

Dungeon Overview and Level Annotations

Branches:
Dungeon (3/15)

Altars:

Shops:
D:1 *

Annotations:
D:3 Robin


Innate Abilities, Weirdness & Mutations

You are immune to poison.
Your flesh is very heat resistant. (rF++)
You are vulnerable to cold. (rC-)
You float through the air rather than walking.
You learn spells naturally, not from books.
Your magical power is your life essence.
You have superior vitality. (+4 HP)


Message History

You smother the flame.
Casting: Conjure Flame (dangerous; 9% risk of failure)
Confirm with . or Enter, or press ? or * to list all spells.
The fire begins to smolder!
The goblin hits you but does no damage. Robin closely misses you.
You barely miss the goblin. The goblin barely misses you.
Robin hits you with a +2 dagger of venom.
* * * LOW HITPOINT WARNING * * *
You smother the flame.
You hit the goblin.
The goblin is severely wounded.
The goblin misses you. Robin misses you.
You hit the goblin. Lightning courses through the goblin!!
You kill the goblin!
Robin barely misses you.
You see here a +0 dagger of holy wrath.
Casting: Conjure Flame (dangerous; 9% risk of failure)
Confirm with . or Enter, or press ? or * to list all spells.
You conjure some foxfire!
* * * LOW HITPOINT WARNING * * *
Robin completely misses you.
Your foxfire dissipates!
The foxfire hits Robin.
Robin is moderately wounded.
Casting: Foxfire (safe; 2% risk of failure)
Confirm with . or Enter, or press ? or * to list all spells.
You conjure some foxfire!
* * * LOW HITPOINT WARNING * * *
Robin hits you with a +2 dagger of venom.
* * * LOW HITPOINT WARNING * * *
The foxfire hits Robin.
Robin is severely wounded.
The foxfire hits Robin.
Robin is almost dead.
Casting: Foxfire (safe; 2% risk of failure)
Confirm with . or Enter, or press ? or * to list all spells.
You conjure some foxfire!
* * * LOW HITPOINT WARNING * * *
Robin hits you with a +2 dagger of venom.
You die...

#.#g...# ### ###)#.##)# ..
.....)##.###### .# .#
.##.####......## ###.###.#
....)..).......####<.......
.##.#####.###..#...........
#.# #.# #..#.##.....<.. #.#
#.###..#v##........ #.#
#.......g@.....###.. #..
....####.v.##.#.# . ###
##.## #..###.### #.
#............. #.
#..###.#####.# ....# #.#
##..# #.. #... ..< ...


You could see Robin (ally target).

Vanquished Creatures
  Natasha (thrice) (D:2)
  4 gnolls (D:2)
  An adder (D:2)
  2 worms (D:2)
  An endoplasm (D:1)
  A giant cockroach (D:2)
  14 goblins
  6 hobgoblins
  4 kobolds (D:2)
  3 quokkas (D:1)
  2 ball pythons
  3 bats
  2 frilled lizards (D:1)
  3 rats
49 creatures vanquished.

Vanquished Creatures (collateral kills)
  A foxfire (D:2)
1 creature vanquished.

Vanquished Creatures (others)
  130 foxfires
  30 plants (D:2)
160 creatures vanquished.

Grand Total: 210 creatures vanquished

Notes
Turn   | Place    | Note
-------+----------+-------------------------------------------
     0 | D:1      | Busket the Djinni Fire Elementalist began the quest for the
                  | Orb.
     0 | D:1      | Reached XP level 1. HP: 15/15 MP: 0/0
   342 | D:1      | Found a faded altar of an unknown god.
   351 | D:1      | Reached XP level 2. HP: 19/22 MP: 0/0
   397 | D:1      | Reached skill level 3 in Spellcasting
   686 | D:1      | Found Ceoschesur's Assorted Antiques.
   706 | D:1      | Bought 2 black potions for 41 gold pieces
   782 | D:1      | Reached skill level 1 in Fighting
   929 | D:2      | Reached XP level 3. HP: 19/27 MP: 0/0
   929 | D:2      | Learned a level 1 spell: Sting
  1050 | D:2      | Noticed Natasha
  1491 | D:2      | Killed Natasha
  1492 | D:2      | Reached XP level 4. HP: 16/32 MP: 0/0
  1498 | D:2      | Noticed Natasha
  1502 | D:2      | Killed Natasha
  1750 | D:2      | Reached XP level 5. HP: 26/38 MP: 0/0
  1750 | D:2      | Learned a level 2 spell: Static Discharge
  1828 | D:2      | Noticed Natasha
  2328 | D:2      | Killed Natasha
  2329 | D:2      | Reached skill level 4 in Spellcasting
  2450 | D:3      | Noticed Robin
  2505 | D:3      | Slain by Robin

Illustrated notes

Levels and vault maps discovered:
D:1:      minmay_arrival_glassed_features, layout_rooms, serial_shops,
          nicolae_shop_crystal, hellmonk_ecumenical_altar_arch_garden,
          minmay_split_cup_large
D:2:      layout_rooms, serial_bayou, serial_bayou_pond_a, serial_bayou_shore_a,
          serial_bayou_lagoon_a, serial_bayou_shore_b, uniq_natasha
D:3:      layout_basic, uniq_robin, uniq_grinder

Skill      XL: |  1  2  3  4  5 |
---------------+----------------+-----
Spellcasting   | 3 4 |  4.1
Fighting       | 1 2 |  2.3
Dodging        | 3 |  3.5
Stealth        | |  1.5

Action                   |  1- 3 |  4- 6 || total
-------------------------+-------+-------++-------
Melee: Unarmed           |     1 |       ||     1
       Dagger            |     2 |     1 ||     3
       Whip              |       |    13 ||    13
 Cast: Foxfire           |    62 |    36 ||    98
       Conjure Flame     |       |     2 ||     2
  Use: Scroll            |       |     2 ||     2
 Stab: Sleeping          |       |     1 ||     1
Armor: Robe              |       |     3 ||     3
Dodge: Dodged            |     7 |    15 ||    22

Table legend: (Time is in decaauts)
 A = Elapsed time spent in this place.
 B = Non-inter-level travel time spent in this place.
 C = Inter-level travel time spent in this place.
 D = Time resting spent in this place.
 E = Time spent auto-exploring this place.
 F = Levels seen in this place.
 G = Mean time per level.
                   A        B        C        D        E       F      G
               +--------+--------+--------+--------+--------+-----+--------+
         Total |   2504 |   2424 |     80 |    345 |   1469 |   3 |  834.7 |
       Dungeon |   2504 |   2424 |     80 |    345 |   1469 |   3 |  834.7 |
               +--------+--------+--------+--------+--------+-----+--------+

Top non-repeatable levels by time:
     D:2: 1523 daAuts
     D:1: 892 daAuts
     D:3: 88 daAuts
